 Dungeon Crawl Stone Soup version 0.31.0-11-ge490571c62 (webtiles) character file.

Game seed: 8563811472043203243

57589 bl3nd3r the Nimble (level 14, -30/77 HPs)
             Began as a Spriggan Enchanter on Feb 4, 2024.
             Was a High Priest of Dithmenos.
             Killed from afar by a hell hog (31 damage)
             ... with a fireball
             ... on level 5 of the Lair of Beasts.
             The game lasted 01:21:36 (27110 turns).

bl3nd3r the Nimble (Spriggan Enchanter)            Turns: 27110, Time: 01:21:37

Health: -30/77     AC:  9    Str:  4    XL:     14   Next: 46%
Magic:  31/40      EV: 28    Int: 21    God:    Dithmenos [*****.]
Gold:   1171       SH: 13    Dex: 22    Spells: 25/37 levels left

rFire   . . .        k - +2 short sword (vamp)
rCold   . . .        S - +2 buckler {rN+}
rNeg    + . .        N - +5 robe of Night {Dark Will+ SInv}
rPois   .            (helmet restricted)
rElec   +            q - +1 cloak
rCorr   .            (gloves unavailable)
SInv    +            (boots unavailable)
Will    +++..        K - amulet of reflection
Stlth   +++++++++    U - ring "Mavue" {rElec Dex+6}
HPRegen 0.32/turn    E - ring of magical power
MPRegen 0.27/turn

%: reflection
@: very slightly contaminated, wreathed by umbra, studying Maces & Flails, very
quick
A: very small, no large weapons, unfitting armour, see invisible, speed 3
a: Renounce Religion, Shadow Step, Shadow Form


You were on level 5 of the Lair of Beasts.
You worshipped Dithmenos.
Dithmenos was extremely pleased with you.
You visited 3 branches of the dungeon, and saw 17 of its levels.

You collected 1441 gold pieces.
You spent 270 gold pieces at shops.

Inventory:

Hand Weapons
 i - the +1 dagger of the Hidden Yaks {pain, *Slow rElec rPois Int+2}
   (You found it on level 2 of the Dungeon)

   Int+2:     It affects your intelligence (+2).
   rElec:     It insulates you from electricity.
   rPois:     It protects you from poison *Slow: It may slow you when you take
   damage.
 k - a +2 vampiric short sword (weapon)
Missiles
 l - 14 poisoned darts
 p - 2 throwing nets
 P - a curare-tipped dart
Armour
 q - a +1 cloak (worn)
 H - a +0 robe of resistance
 N - the +5 robe of Night (worn) {Dark Will+ SInv}
   (You found it on level 10 of the Dungeon)

   Dark:      It shrouds the wearer in darkness, reducing the range at which
   they can see and be seen by others.
   Will+:     It increases your willpower.
   SInv:      It lets you see invisible.
 S - a +2 buckler of positive energy (worn)
Jewellery
 b - an amulet of faith
 j - a ring of ice
 r - a ring of resist corrosion
 E - a ring of magical power (right hand)
 K - an amulet of reflection (around neck)
 Q - an amulet of guardian spirit
 U - the ring "Mavue" (left hand) {rElec Dex+6}
   (You found it on level 2 of the Lair of Beasts)

   [ring of dexterity]

   Dex+6:     It affects your dexterity (+6).
   rElec:     It insulates you from electricity.
Wands
 o - a wand of roots (12)
 t - a wand of flame (43)
 D - a wand of mindburst (22)
 J - a wand of paralysis (15)
 M - a wand of light (20)
Scrolls
 a - a scroll of enchant weapon
 d - 4 scrolls of fear
 e - a scroll of poison
 s - a scroll of blinking
 u - 2 scrolls of fog
 y - 2 scrolls of identify
 A - a scroll of teleportation
 O - a scroll of butterflies
 R - 2 scrolls of vulnerability
Potions
 c - 3 potions of invisibility
 f - a potion of resistance
 g - 4 potions of magic
 h - 4 potions of curing
 m - a potion of heal wounds {unknown}
 n - 3 potions of degeneration
 w - a potion of mutation {unknown}
 x - a potion of might {unknown}
 z - a potion of berserk rage
 B - 2 potions of haste
 C - 2 potions of attraction
 F - 2 potions of enlightenment
 L - a potion of cancellation
 V - a potion of brilliance {unknown}
Miscellaneous
 v - a phantom mirror
 G - a box of beasts
 T - a lightning rod (4/4)


   Skills:
 - Level 10.4 Fighting
 - Level 10.6 Short Blades
 + Level 12.6 Dodging
 - Level 12.0 Stealth
 - Level 4.0 Shields
 - Level 12.0 Spellcasting
 - Level 11.2 Hexes
 - Level 6.2 Ice Magic
 + Level 4.2 Invocations
 + Level 5.4 Evocations


You had 25 spell levels left.
You knew the following spells:

 Your Spells              Type           Power      Damage    Failure   Level
a - Ensorcelled Hibernat  Hex/Ice        98%        N/A       1%          2
b - Confusing Touch       Hex            56%        N/A       1%          3
c - Cause Fear            Hex            28%        N/A       1%          4
d - Tukima's Dance        Hex            56%        N/A       1%          3

Your spell library contained the following spells:

 Spells                   Type           Power      Damage    Failure   Level
 Jinxbite                 Hex            100%       N/A       1%          2
 Sigil of Binding         Hex            56%        N/A       1%          3
 Dazzling Flash           Conj/Hex       72%        N/A       2%          3
 Ozocubu's Armour         Ice            38%        N/A       2%          3
 Metabolic Englaciation   Hex/Ice        24%        N/A       8%          5
 Apportation              Tloc           24%        N/A       10%         1
 Magic Dart               Conj           48%        1d5       10%         1
 Anguish                  Hex/Necr       18%        N/A       10%         4
 Searing Ray              Conj           24%        2d5       14%         2
 Silence                  Hex/Air        18%        N/A       26%         5
 Yara's Violent Unravell  Hex/Alch       18%        3d9       26%         5
 Fugue of the Fallen      Necr           12%        N/A       28%         3
 Mephitic Cloud           Conj/Alch/Air  12%        N/A       28%         3
 Volatile Blastmotes      Fire/Tloc      24%        2d12      28%         3
 Enfeeble                 Hex            28%        N/A       63%         7
 Animate Armour           Summ/Erth      24%        N/A       67%         4
 Fulminant Prism          Conj/Alch      6%         3d7       67%         4
 Iskenderun's Mystic Bla  Conj/Tloc      12%        2d5       67%         4
 Martyr's Knell           Necr/Summ      12%        N/A       67%         4
 Summon Lightning Spire   Summ/Air       12%        N/A       67%         4
 Alistair's Intoxication  Alch           8%         N/A       95%         5
 Curse of Agony           Necr           12%        N/A       95%         5
 Fireball                 Conj/Fire      6%         3d5       95%         5
 Lee's Rapid Deconstruct  Erth           6%         3d6*      95%         5
 Sculpt Simulacrum        Ice/Alch       12%        N/A       99%         6
 Summon Cactus Giant      Summ           6%         N/A       100%        6
 Spellforged Servitor     Conj/Summ      6%         N/A       100%        7
 Dragon's Call            Summ           6%         N/A       100%        9


Dungeon Overview and Level Annotations

Branches:
Dungeon (11/15)            Temple (1/1) D:6            Lair (5/5) D:11
 Shoals (0/4) Lair:2        Snake (0/4) Lair:2        Slime (0/5) Lair:5
    Orc (0/2) D:11

Altars:
Ashenzari
Cheibriados
Dithmenos
Elyvilon
Fedhas
Gozag
Hepliaklqana
Kikubaaqudgha
Makhleb
Nemelex Xobeh
Okawaru
Qazlal
Ru
Sif Muna
Trog
Uskayaw
Vehumet
Wu Jian
Xom
Yredelemnul
Zin
The Shining One
Jiyva

Shops:
D:3 *   D:7 =   D:11 [

Annotations:
D:6 2 runed translucent doors, Shym's ghost, weakling HODe
D:10 Lodul
Lair:2 exclusion: downstairs


Innate Abilities, Weirdness & Mutations

You are very small and have problems with some larger weapons.
You are too small for most types of armour.
You have supernaturally acute eyesight. (SInv)
You cover ground extremely quickly. (Speed+++)


Message History

You now have 38/40 mp.
The hell hog is unaffected.
You now have 36/40 mp.
Casting: Ensorcelled Hibernation (safe; 1% risk of failure)
Confirm with . or Enter, or press ? or * to list all spells.
Aiming: Ensorcelled Hibernation (safe; 1% risk of failure)
Press: ? - help, Shift-Dir - straight line, f - hell hog, p - hell hog
Aim: a hell hog (umbra, chance to affect: 53%)
The hell hog resists with significant effort.
The hell hog breathes fire at you.
The fireball explodes!
The fireball engulfs you!!
You emit a cloud of dark smoke.
The fireball engulfs the hell hog.
The hell hog completely resists.
The hell hog squeals angrily.
You hear an angry hiss. x2
You take 33 damage, and have 44/77 hp.
MASSIVE DAMAGE!!
You now have 34/40 mp.
Casting: Ensorcelled Hibernation (safe; 1% risk of failure)
Confirm with . or Enter, or press ? or * to list all spells.
Aiming: Ensorcelled Hibernation (safe; 1% risk of failure)
Press: ? - help, Shift-Dir - straight line, f/p - hell hog
Aim: a hell hog (black smoke, catching its breath, umbra, chance to affect: 53%)
You miscast Ensorcelled Hibernation.
You are very lightly contaminated with residual magic.
Nothing appears to happen.
You block the hell hog's attack.
You now have 33/40 mp.
Casting: Ensorcelled Hibernation (safe; 1% risk of failure)
Confirm with . or Enter, or press ? or * to list all spells.
Aiming: Ensorcelled Hibernation (safe; 1% risk of failure)
Press: ? - help, Shift-Dir - straight line, f/p - hell hog
Aim: a hell hog (black smoke, catching its breath, umbra, chance to affect: 53%)
The hell hog looks drowsy...
The hell hog breathes fire at you.
The fireball explodes!
The fireball engulfs you!!!
Ouch! That really hurt!
* * * LOW HITPOINT WARNING * * *
You emit a cloud of dark smoke.
The fireball engulfs the hell hog.
The hell hog completely resists.
The fireball engulfs the hell hog.
The hell hog completely resists.
The hell hog breathes fire at you.
The fireball explodes!
The fireball engulfs you!!
You die...

#≈≈≈###........## §#≈# ##. §S§
#8..........##§§≈# #.# S#
###.........##≈≈§# ##.
#8...........#≈≈# #..
##.....§§..#.≈≈### ##.
##........#..##8##### ## #
###.§≈§§###..#..8#8# # #
##≈§§§§≈.≈......## #
#≈§@§§.§§#.§....#### ## #### ###
≈§§##hh##.≈≈§........## .#
#8#8##.##≈≈##..§§##.≈≈#......... .#
#......#≈≈#......#.§§§##.......
.###8#......#§#......#≈§........###
..# #......≈≈#......#≈#.......## #
..# #......≈≈#$$ #≈#......## # .##
##.....#§§## ##≈##.....8# #
#####......#≈§≈######≈≈≈......## ##


You could see 2 hell hogs.

Vanquished Creatures
  Rupert (Lair:3)
  3 boulder beetles
  5 hydras
  5 two-headed ogres
  3 skysharks
  Pikel (D:6)
  2 lindwurms
  A deep elf pyromancer (D:9)
  An ugly thing (D:9)
  Maurice (D:10)
  A salamander (Lair:2)
  5 elephants (Lair:5)
  10 black mambas
  15 cane toads
  2 molten gargoyles (Lair:5)
  3 torpor snails
  An unseen horror (D:11)
  A tengu conjurer (D:9)
  13 komodo dragons
  4 rime drakes
  3 trolls
  3 polar bears
  14 blink frogs
  12 dream sheep
  4 shadows
  11 wyverns
  A vampire (D:11)
  3 wraiths
  9 basilisks
  50 yaks
  3 vampire mosquitoes (D:9)
  7 steam dragons
  18 water moccasins
  3 hell hounds (Lair:5)
  6 orc warriors
  An ice beast (D:8)
  2 black bears
  2 ogres (D:10)
  27 wolves
  A phantom (D:5)
  4 centaurs
  3 lemures
  A kobold brigand (D:9)
  4 scorpions
  15 bullfrogs
  9 wights
  13 killer bees
  An electric eel (Lair:2)
  A bombardier beetle (D:5)
  6 howler monkeys
  3 lava snakes (Lair:5)
  9 hounds
  3 orc priests
  3 jellies
  2 sleepcaps
  Ijyb (D:4)
  Natasha (thrice) (D:3)
  7 orc wizards
  9 hell rats (Lair:3)
  12 iguanas
  8 gnolls
  13 adders
  2 shadow imps
  A white imp (D:5)
  4 dart slugs
  A ribbon worm (D:4)
  32 orcs
  6 endoplasms
  3 giant cockroaches
  3 goblins
  9 hobgoblins
  2 quokkas (D:5)
  6 ball pythons
  6 bats
  4 frilled lizards
  8 kobolds
  8 rats
483 creatures vanquished.

Notes
Turn   | Place    | Note
-------+----------+-------------------------------------------
     0 | D:1      | bl3nd3r the Spriggan Enchanter began the quest for the Orb.
     0 | D:1      | Reached XP level 1. HP: 9/9 MP: 5/5
    79 | D:1      | Reached XP level 2. HP: 13/13 MP: 6/6
   570 | D:1      | Reached skill level 5 in Stealth
   697 | D:2      | Found an ornate altar of the Wu Jian Council.
   758 | D:2      | Reached XP level 3. HP: 16/16 MP: 8/8
   798 | D:1      | Learned a level 2 spell: Ensorcelled Hibernation
   802 | D:1      | Learned a level 3 spell: Confusing Touch
   868 | D:2      | Identified the +1 dagger of the Hidden Yaks {pain, *Slow
                  | rElec rPois Int+2}
   940 | D:2      | You fall into a shaft and drop 2 floors!
  1274 | D:4      | Reached XP level 4. HP: 21/21 MP: 4/9
  1593 | D:4      | Reached XP level 5. HP: 24/24 MP: 0/10
  1836 | D:4      | Noticed Ijyb
  1838 | D:4      | Killed Ijyb
  2218 | D:2      | Reached skill level 5 in Short Blades
  2571 | D:3      | Found Etonn's Assorted Antiques.
  2891 | D:3      | Noticed Natasha
  2926 | D:3      | Reached XP level 6. HP: 27/28 MP: 2/11
  3338 | D:3      | Killed Natasha
  3592 | D:3      | Noticed Natasha
  3769 | D:3      | Killed Natasha
  3880 | D:3      | Noticed Natasha
  4040 | D:3      | Killed Natasha
  4041 | D:3      | Reached skill level 1 in Ice Magic
  4312 | D:5      | Entered Level 5 of the Dungeon
  4419 | D:5      | Reached XP level 7. HP: 27/32 MP: 7/13
  4570 | D:5      | Reached skill level 5 in Hexes
  4881 | D:5      | Noticed a wyvern
  4897 | D:5      | Killed a wyvern
  4948 | D:5      | Reached XP level 8. HP: 36/36 MP: 15/15
  5541 | D:5      | Reached skill level 5 in Dodging
  5901 | D:6      | Found a runed translucent door.
  6037 | D:6      | Found a runed translucent door.
  6037 | D:6      | Noticed Shym's ghost (weakling HODe)
  6750 | D:6      | Found a staircase to the Ecumenical Temple.
  6770 | Temple   | Entered the Ecumenical Temple
  6783 | Temple   | Became a worshipper of Dithmenos the Shadowed
  7083 | D:7      | Found Ekow Vio's Jewellery Emporium.
  7165 | D:7      | Reached XP level 9. HP: 39/39 MP: 16/16
  7167 | D:7      | Found a stormy altar of Qazlal.
  7189 | D:7      | Noticed Pikel
  7355 | D:6      | Killed Pikel
  7440 | D:7      | Found a shimmering altar of Xom.
  7517 | D:7      | Found an ornate altar of the Wu Jian Council.
  7517 | D:7      | Found a white marble altar of Elyvilon.
  7520 | D:7      | Found a shimmering blue altar of Sif Muna.
  7581 | D:7      | Found a sparkling altar of Nemelex Xobeh.
  7784 | D:7      | Reached skill level 10 in Short Blades
  8027 | D:7      | Reached skill level 1 in Fighting
  8925 | D:8      | Reached * piety under Dithmenos
  8997 | D:8      | Found a glowing golden altar of the Shining One.
  9052 | D:8      | Noticed a komodo dragon
  9065 | D:8      | Killed a komodo dragon
  9066 | D:8      | Reached XP level 10. HP: 51/51 MP: 11/17
  9120 | D:8      | Reached skill level 5 in Fighting
  9221 | D:8      | Identified the +0 helmet "Fuara" {Harm}
  9624 | D:9      | Found a bloodstained altar of Trog.
  9785 | D:9      | Noticed a two-headed ogre
  9822 | D:9      | Killed a two-headed ogre
 10070 | D:9      | Reached ** piety under Dithmenos
 10516 | D:9      | Noticed a two-headed ogre
 10540 | D:9      | Killed a two-headed ogre
 10541 | D:9      | Reached XP level 11. HP: 49/62 MP: 9/18
 11677 | D:9      | Reached skill level 10 in Fighting
 11713 | D:9      | Reached skill level 1 in Shields
 11784 | D:9      | Noticed a red ugly thing
 11785 | D:9      | Noticed a deep elf pyromancer
 11785 | D:9      | Noticed a skeletal warrior
 11807 | D:9      | Killed a deep elf pyromancer
 11820 | D:9      | Killed a red ugly thing
 12308 | D:10     | Entered Level 10 of the Dungeon
 12349 | D:10     | Noticed a two-headed ogre
 12360 | D:10     | Killed a two-headed ogre
 12464 | D:10     | Noticed Lodul
 13337 | D:10     | Noticed Maurice
 13368 | D:10     | Killed Maurice
 13515 | D:10     | Reached *** piety under Dithmenos
 13815 | D:10     | Reached skill level 10 in Stealth
 13818 | D:10     | Found the +5 robe of Night {Dark Will+ SInv}
 13924 | D:10     | Found a radiant altar of Vehumet.
 14090 | D:10     | Noticed a two-headed ogre
 14093 | D:10     | Killed a two-headed ogre
 14460 | D:10     | Found a radiant altar of Vehumet.
 14861 | D:11     | Noticed a boulder beetle
 14880 | D:11     | Killed a boulder beetle
 14881 | D:11     | Reached skill level 1 in Invocations
 14881 | D:11     | Reached XP level 12. HP: 50/68 MP: 19/19
 14939 | D:11     | Noticed a two-headed ogre
 14946 | D:11     | Killed a two-headed ogre
 15111 | D:11     | Found a staircase to the Lair.
 15278 | D:11     | Found a staircase to the Orcish Mines.
 15357 | D:11     | Found Dinuyt's Antique Armour Boutique.
 15361 | D:11     | Bought a glowing buckler for 270 gold pieces
 15588 | D:11     | Reached skill level 5 in Spellcasting
 16179 | Lair:1   | Entered Level 1 of the Lair of Beasts
 16490 | Lair:1   | Reached skill level 5 in Ice Magic
 16501 | Lair:1   | Reached **** piety under Dithmenos
 17246 | Lair:1   | Noticed a boulder beetle
 17251 | Lair:1   | Killed a boulder beetle
 18034 | Lair:2   | Identified the +8 broad axe of Noemaluq {drain, rC+ rCorr}
 18124 | Lair:2   | Noticed a catoblepas
 18442 | Lair:2   | Noticed an eight-headed hydra
 18445 | Lair:2   | Found a staircase to the Shoals.
 18477 | Lair:2   | Killed an eight-headed hydra
 18601 | Lair:2   | Found a staircase to the Snake Pit.
 18639 | Lair:2   | Reached XP level 13. HP: 44/72 MP: 26/26
 19146 | Lair:2   | Reached skill level 10 in Hexes
 19873 | D:9      | Got the Handbook of Hexing and Production
 19876 | D:9      | Got the Exposition on the Congregation
 19889 | D:9      | Learned a level 4 spell: Cause Fear
 19893 | D:9      | Learned a level 3 spell: Tukima's Dance
 20102 | Lair:2   | Identified the ring "Mavue" {rElec Dex+6}
 20106 | Lair:2   | Identified the +0 pair of gloves of the Valley {Harm}
 21730 | Lair:3   | Noticed Rupert
 21831 | Lair:3   | Killed Rupert
 22925 | Lair:4   | Reached skill level 10 in Spellcasting
 22940 | Lair:4   | Reached skill level 10 in Dodging
 24125 | Lair:5   | Entered Level 5 of the Lair of Beasts
 24581 | Lair:5   | Reached XP level 14. HP: 70/77 MP: 30/30
 25065 | Lair:5   | Reached skill level 1 in Evocations
 25125 | Lair:5   | Reached ***** piety under Dithmenos
 25853 | Lair:5   | Found a viscous altar of Jiyva.
 25854 | Lair:5   | Found a staircase to the Slime Pits.
 26533 | Lair:5   | Found a large runed translucent door.
 26554 | Lair:5   | Reached skill level 5 in Evocations
 26573 | Lair:5   | Found a large runed translucent door.
 27110 | Lair:5   | HP: 1/77 [hell hog/fireball (44)]
 27110 | Lair:5   | Killed from afar by a hell hog

Illustrated notes

Levels and vault maps discovered:
D:1:      enne_arrival_octagon_isle, layout_basic
D:2:      layout_rooms, basic_altar
D:3:      layout_rooms, serial_shops, nicolae_shop_tiny_waterfront,
          kennysheep_generic_room_2, uniq_natasha
D:4:      layout_loops_corners, patterned_corridor, uniq_ijyb
D:5:      kennysheep_six_static_rooms, layout_rooms, skrybe_limestone_x,
          st_stairs_4, grunt_ministairs_4
D:6:      layout_loops_corners, temple_green, ebering_ghost_sewer_f,
          nicolae_underground_beach
D:7:      layout_basic, nemelex_spade_bored_becter, grunt_temple_overflow_open,
          lemuel_crystal_altar, serial_shops, nicolae_inconvenience_store,
          minmay_chambers_of_fives, uniq_pikel
D:8:      layout_basic, tso_metal_star, minmay_lizard_king
D:9:      minmay_the_grid_3x2 [minmay_the_grid_broken_lines,
          minmay_the_grid_minigrid_medium, minmay_the_grid_dragon_b,
          minmay_the_grid_large_cup, minmay_the_grid_medium_cups,
          minmay_the_grid_prize_trominoes], layout_basic, amcnicky_altar_gilded,
          minmay_microvault
D:10:     layout_loops_ring, mainiacjoe_overflow_concentric_impassable,
          minmay_misc_feat_ornament, hellmonk_guarded_unrand_night,
          uniq_maurice, uniq_lodul
D:11:     layout_rooms, erik_lair_dragon, orc_0_dummy, serial_shops,
          nicolae_shop_stone, hangedman_glass_teeth
Temple:   nicolae_temple_ecumenical_triangle
Lair:1:   layout_small_grid, grunt_megastairs_4
Lair:2:   nzn_winding_woodlands_stair_trap
          [nzn_winding_woodlands_5x15_split_checker,
          nzn_winding_woodlands_5x15_pool, nzn_winding_woodlands_5x15_garden,
          nzn_winding_woodlands_15x15_thick_spiral,
          nzn_winding_woodlands_5x15_twine,
          nzn_winding_woodlands_5x15_river_crossing,
          nzn_winding_woodlands_5x15_eye], layout_hall_layers,
          minmay_shoals_entry_centaurs, nicolae_snake_entry_warm_welcome,
          serial_bayou_shore_a
Lair:3:   layout_chaotic_city, minivault_27, uniq_rupert
Lair:4:   layout_gridlike
Lair:5:   cheibrodos_lair_end_hotspot, layout_misc_corridors, slime_entry_1

Skill      XL: |  1  2  3  4  5  6  7  8  9 10 11 12 13 14 |
---------------+-------------------------------------------+-----
Short Blades   | 2 3 4 5 7 10 | 10.6
Stealth        | 5 6 7 8 12 | 12.0
Spellcasting   | 3 4 8 11 12 | 12.0
Hexes          | 4 5 8 11 | 11.2
Ice Magic      | 1 4 6 |  6.2
Dodging        | 3 7 8 11 12 | 12.6
Fighting       | 4 9 10 | 10.4
Shields        | 4 |  4.0
Invocations    | 1 4 |  4.2
Evocations     | 5 |  5.4

Action                     |  1- 3 |  4- 6 |  7- 9 | 10-12 | 13-15 || total
---------------------------+-------+-------+-------+-------+-------++-------
  Melee: Dagger            |   123 |   174 |   256 |   346 |   142 ||  1041
         Punch             |     3 |     1 |     4 |     1 |       ||     9
         Short sword       |       |       |       |       |   359 ||   359
  Throw: Dart              |       |       |       |     1 |     3 ||     4
         Throwing net      |       |       |       |       |     3 ||     3
   Cast: Ensorcelled Hiber |     1 |    66 |    89 |   211 |   235 ||   602
         Confusing Touch   |       |       |    14 |    23 |    22 ||    59
         Cause Fear        |       |       |       |       |     1 ||     1
 Invoke: Shadow Step       |       |       |       |     5 |     3 ||     8
  Evoke: Wand              |       |       |       |     5 |       ||     5
    Use: Scroll            |       |     4 |     4 |     9 |     9 ||    26
         Potion            |       |     1 |       |     1 |       ||     2
   Stab: Sleeping          |     8 |    42 |    65 |   133 |   129 ||   377
         Confused          |       |       |    11 |    18 |    21 ||    50
         Distracted        |       |       |       |     2 |     1 ||     3
         Held in net/web   |       |       |       |       |     2 ||     2
         Petrified         |       |       |       |       |     2 ||     2
 Armour: Robe              |    22 |    60 |    51 |    27 |   116 ||   276
         Steam dragon scal |       |       |       |    54 |       ||    54
  Dodge: Dodged            |    85 |   128 |   159 |   194 |   291 ||   857
  Block: Buckler           |       |       |       |    79 |   255 ||   334
         Reflection        |       |       |       |     4 |     1 ||     5
